 Dungeon Crawl Stone Soup version 0.17.0-28-g6e173f8 (webtiles) character file.

245 TruthSerum the Cudgeler (level 6, -8/67 HPs)
             Began as an Ogre Berserker on Nov 22, 2015.
             Was a Believer of Trog.
             Mangled by a worm (12 damage)
             ... on level 3 of the Dungeon.
             The game lasted 00:06:57 (1863 turns).

TruthSerum the Cudgeler (Ogre Berserker)            Turns: 1863, Time: 00:06:57

Health: -8/67      AC:  4    Str: 23    XL:     6   Next: 10%
Magic:  6/6        EV: 11    Int:  6    God:    Trog [**....]
Gold:   128        SH:  0    Dex: 11    Spells: 0 memorised, 5 levels left

rFire  . . .     SeeInvis .     a - +0 mace
rCold  . . .     Clarity  .     b - +0 animal skin
rNeg   . . .     SustAt   .     (no shield)
rPois  .         Gourm    .     (helmet restricted)
rElec  .         Spirit   .     l - +0 cloak
rCorr  .         Warding  .     (gloves unavailable)
rMut   .         Stasis   .     (boots unavailable)
MR     .....                    (no amulet)
Stlth  +.........               (no ring)
                                (no ring)

@: lethally poisoned (-8 -> -9), exhausted, slowed, very slow, not resistant to
hostile enchantments, very unstealthy
A: unfitting armour, tough skin 1
a: Berserk, Trog's Hand, Burn Spellbooks, Renounce Religion


You were on level 3 of the Dungeon.
You worshipped Trog.
Trog was pleased with you.
You were very hungry.

You visited 1 branch of the dungeon, and saw 3 of its levels.

You collected 128 gold pieces.

Inventory:

Hand Weapons
 a - a +0 mace (weapon)
Armour
 b - a +0 animal skin (worn)
 l - a +0 cloak (worn)
Scrolls
 e - a scroll of enchant armour {unknown}
 f - a scroll of random uselessness {unknown}
 g - a scroll of recharging {unknown}
 i - a scroll of magic mapping {unknown}
 j - a scroll of amnesia {unknown}
 o - a scroll of remove curse {unknown}
 r - a scroll of noise {unknown}
Potions
 h - a potion of ambrosia
 k - a potion of flight
 p - a potion of heal wounds
 q - a potion of haste {unknown}
Comestibles
 c - a bread ration
 d - 2 fruits
 m - 2 meat rations
 n - 3 chunks of flesh


   Skills:
 + Level 5.8 Fighting
 + Level 6.1 Maces & Flails
 + Level 4.1 Dodging


You had 5 spell levels left.
You didn't know any spells.

Dungeon Overview and Level Annotations

Branches:
Dungeon (3/15)

Altars:


Innate Abilities, Weirdness & Mutations

You are too large for most types of armour.
You have tough skin (AC +1).


Message History

The worm closely misses you. The orc wizard casts a spell at you.
The magic dart hits you!
* * * LOW HITPOINT WARNING * * *
The orc closely misses you.
You are feeling hungry.
You thump the orc wizard!
The orc wizard is severely wounded.
You are no longer berserk.
Trog's vigour flows through your veins.
You are exhausted.
You feel yourself slow down.
You are feeling very hungry.
The orc hits you with a falchion.
* * * LOW HITPOINT WARNING * * *
You hit the orc wizard.
The orc wizard is almost dead.
You feel sick. The orc barely misses you.
The orc wizard hits you but does no damage.
The worm bites you!
You die...

...........................^..
...#####.##......[.....#####.##
.........##.####.......# #.#
...########......####..# #.#
#...........÷# #.#
#......#####.## #.# #......#
#..# #.#
.###......######.####.##
.......o@†...............
..#####woo....###........
#.l.....# ##......) #.......#
#....... #.......# #.......
#.......# #....... #.......#
##..###. #.......# ##.# #. # #.


You could see a worm, an orc wizard, 2 orcs and a giant newt.

Vanquished Creatures
  Sigmund (D:3)
  A gnoll (D:1)
  2 adders
  A worm (D:2)
  2 giant geckos (D:1)
  2 orcs (D:3)
  7 hobgoblins
  7 jackals (D:1)
  7 kobolds
  A ball python (D:2)
  6 bats
  4 giant newts
  7 goblins
  7 rats
55 creatures vanquished.

Notes
Turn   | Place    | Note
--------------------------------------------------------------
     0 | D:1      | TruthSerum the Ogre Berserker began the quest for the Orb.
     0 | D:1      | Reached XP level 1. HP: 24/24 MP: 1/1
    50 | D:1      | Reached XP level 2. HP: 18/32 MP: 2/2
    57 | D:1      | HP: 2/48 [gnoll/spear (3)]
   427 | D:1      | Reached XP level 3. HP: 39/39 MP: 3/3
   851 | D:1      | Reached skill level 5 in Maces & Flails
   922 | D:2      | Reached ** piety under Trog
  1028 | D:2      | Reached XP level 4. HP: 39/49 MP: 4/4
  1841 | D:3      | Noticed Sigmund
  1859 | D:3      | Killed Sigmund
  1859 | D:3      | Reached skill level 5 in Fighting
  1859 | D:3      | Reached skill level 6 in Maces & Flails
  1859 | D:3      | Reached XP level 5. HP: 15/59 MP: 5/5
  1859 | D:3      | Reached XP level 6. HP: 17/67 MP: 6/6
  1863 | D:3      | Mangled by a worm

Action                   |  1- 3 |  4- 6 || total
-------------------------+-------+-------++-------
Melee: Mace              |    98 |    60 ||   158
Invok: Berserk           |     1 |     1 ||     2
  Use: Scroll            |       |     3 ||     3
 Stab: Sleeping          |       |     1 ||     1
  Eat: Chunk             |     1 |     3 ||     4
